 Dungeon Crawl Stone Soup version 0.19-a0-607-g42021f0 (webtiles) character file.

9402 Stormphoenix the Black Belt (level 11, -7/67 HPs)
             Began as an Octopode Monk on June 12, 2016.
             Was a High Priest of Dithmenos.
             Mangled by an orc warrior
             ... wielding a +0 hand axe
              (16 damage)
             ... on level 10 of the Dungeon.
             The game lasted 00:26:16 (11365 turns).

Stormphoenix the Black Belt (Octopode Monk)        Turns: 11365, Time: 00:26:16

Health: -7/67      AC:  3    Str: 13    XL:     11   Next: 45%
Magic:  0/11       EV: 13    Int: 14    God:    Dithmenos [*****.]
Gold:   405        SH:  7    Dex: 17    Spells: 0 memorised, 10 levels left

rFire  + + .     SeeInvis +       - Unarmed
rCold  . . .     Gourm    .     n - +3 buckler of Submission {MR+ Dex+3}
rNeg   . . .     Faith    .     (helmet restricted)
rPois  .         Spirit   +     r - amulet of guardian spirit
rElec  .         Dismiss  .     p - ring of protection from fire
rCorr  .         Reflect  .     j - ring of see invisible
SustAt .         Harm     .     o - ring of protection from fire
MR     +....     Clarity  +     (no ring)
Stlth  +++++++++.               (no ring)
                                (no ring)
                                (no ring)
                                (no ring)

@: wreathed by umbra, somewhat resistant to hostile enchantments, incredibly
stealthy
A: almost no armour, amphibious, 8 rings, constrict 8, thin metallic scales 1,
camouflage 1, clarity, wild magic 1, gelatinous body 1
a: Shadow Step, Shadow Form, Renounce Religion


You were on level 10 of the Dungeon.
You worshipped Dithmenos.
Dithmenos was extremely pleased with you.
You were very hungry.

You visited 2 branches of the dungeon, and saw 11 of its levels.

You collected 630 gold pieces.
You spent 225 gold pieces at shops.

Inventory:

Armour
 n - the +3 buckler of Submission (worn) {MR+ Dex+3}
   (You found it on level 4 of the Dungeon)

   It affects your dexterity (+3).
   It affects your resistance to hostile enchantments.
Jewellery
 j - a ring of see invisible (right tentacle)
 o - a ring of protection from fire (on tentacle)
 p - a ring of protection from fire (left tentacle)
 r - an amulet of guardian spirit (around mantle)
Wands
 e - a wand of teleportation (8/9)
 t - a wand of acid (5/15)
 w - a wand of digging (13/24)
 x - a wand of slowing (20/48)
Scrolls
 g - 5 scrolls of identify
 i - 3 scrolls of remove curse
 k - 2 scrolls of magic mapping
 m - 2 scrolls of teleportation
 s - 2 scrolls of enchant armour
 u - a scroll of fear
Potions
 c - a potion of curing
 d - 2 potions of brilliance
 l - 2 potions of flight
 q - a potion of invisibility
 v - a potion of haste
 A - a potion of might
Books
 b - a book of Death

   Spells                             Type                      Level
   a - Corpse Rot                     Necromancy                   2
   b - Sublimation of Blood           Necromancy                   2
   c - Agony                          Necromancy                   5
   d - Dispel Undead                  Necromancy                   5
   e - Excruciating Wounds            Charms/Necromancy            5
   f - Bolt of Draining               Conjuration/Necromancy       5
 B - a book of the Dragon

   Spells                             Type                      Level
   a - Flame Tongue                   Conjuration/Fire             1
   b - Cause Fear                     Hexes                        4
   c - Bolt of Fire                   Conjuration/Fire             6
   d - Dragon Form                    Transmutation                7
   e - Dragon's Call                  Summoning                    9
Comestibles
 a - 8 bread rations
 f - 11 beef jerkies
 h - 5 meat rations
 C - a slice of pizza


   Skills:
 - Level 3.0 Fighting
 - Level 3.0 Dodging
 - Level 10.1 Stealth
 + Level 15.7 Unarmed Combat


You had 10 spell levels left.
You didn't know any spells.

Dungeon Overview and Level Annotations

Branches:
Dungeon (10/15)            Temple (1/1) D:5            Lair (0/6) D:8
    Orc (0/2) D:10

Altars:
Ashenzari
Cheibriados
Dithmenos
Elyvilon
Fedhas
Gozag
Hepliaklqana
Kikubaaqudgha
Makhleb
Nemelex Xobeh
Okawaru
Pakellas
Qazlal
Ru
Sif Muna
Trog
Uskayaw
Vehumet
Xom
Yredelemnul
Zin
The Shining One

Shops:
D:5 !==(   D:9 *


Innate Abilities, Weirdness & Mutations

You cannot wear most types of armour.
You are amphibious.
You can wear up to eight rings at the same time.
You can use your tentacles to constrict eight enemies at once.
Your skin changes colour to match your surroundings (Stealth+).
Your rubbery body absorbs attacks. (AC +1)
You are partially covered in thin metallic scales. (AC +2)
You possess an exceptional clarity of mind.
Your spells are a little harder to cast, but a little more powerful.


Message History

The warg is severely wounded.
The warg barely misses you. You block the worker ant's attack.
You block the warg's attack.
You closely miss the warg. Your squeeze misses the warg.
The warg is severely wounded.
Your shadow closely misses the warg.
The warg misses you. You block the orc warrior's attack.
You tentacle-slap the warg. Your squeeze misses the warg.
The warg is severely wounded.
Your shadow hits the warg. The warg bites you!
* * * LOW HITPOINT WARNING * * *
You completely miss the warg. Your squeeze misses the warg.
The warg is almost dead.
You block the warg's attack. The orc warrior barely misses you.
The worker ant bites you.
* * * LOW HITPOINT WARNING * * *
You feel better. The warg closely misses you. The worker ant bites you.
* * * LOW HITPOINT WARNING * * *
The orc warrior hits you with a hand axe!!
You die...

.#.....#..............≈≈≈≈≈≈≈≈≈..
.#.....'..............≈#######≈..
.#.....#..............≈#....[#≈..
.#.....#..............≈#.....#≈..
.#.....#..............≈#.).(.#≈..
###...#######...##..>.≈#..).)#≈..
.####'##...#######....≈###'###≈..
..#....#.........a.....'.).).#≈..
..#....#........@h..†..'÷)...#≈..
..#....#.........o....≈###)###≈.#
.##...##...##'####....≈#....(#≈.#
###...##...##...##....≈#.....#≈.#
....†............#.)..≈#.....#≈.#
.................#....≈#[...$#≈.#
...........<.....#....≈#######≈.#
.#########.##.######..≈≈≈≈≈≈≈≈≈.#
.##...####.##.####..##..........#


You could see a warg, an orc warrior and a worker ant.

Vanquished Creatures
  Pikel (D:8)
  Joseph (D:7)
  Maurice (D:8)
  A two-headed ogre (D:10)
  7 yaks
  The ghost of Shenda the Agent of Entropy, an amateur DsAK of Lugonu (D:4)
  Menkaure (D:6)
  Grum (D:8)
  A wolf (D:8)
  6 wargs
  2 water moccasins
  Duvessa (D:7)
  A swamp drake (D:10)
  2 phantoms
  2 wasps
  5 ice beasts
  5 orc warriors
  A necrophage (D:6)
  2 black bears
  2 ogres
  3 big kobolds
  4 centaurs
  5 giant frogs
  Dowan (D:7)
  A wyvern zombie (D:10)
  2 scorpions
  6 killer bees (D:10)
  5 wights (D:6)
  4 howler monkeys
  A vampire bat (D:3)
  An electric eel (D:10)
  3 crimson imps
  2 quasits
  19 orc wizards
  A wasp zombie (D:9)
  2 giant frog skeletons
  11 orc priests
  Crazy Yiuf (D:7)
  2 centaur skeletons
  5 hounds
  5 jellies
  4 iguanas
  5 worker ants
  A hound zombie (D:6)
  2 hound skeletons
  9 adders
  4 gnolls (D:6)
  A shadow imp (D:5)
  An ooze (D:1)
  An adder zombie (D:4)
  2 adder skeletons
  3 worms
  A dart slug (D:1)
  3 fire bats (D:3)
  6 giant geckos
  43 orcs
  2 spectral bats (D:3)
  16 bats
  3 bat skeletons (D:3)
  A bat zombie (D:3)
  6 giant cockroaches
  8 goblins
  6 hobgoblins
  13 jackals
  7 quokkas
  A ball python (D:3)
  A bat simulacrum (D:3)
  A giant gecko skeleton (D:5)
  10 giant newts
  A jackal skeleton (D:5)
  24 kobolds
  10 rats
324 creatures vanquished.

Vanquished Creatures (others)
  A slave (D:8)
  A wolf (D:8)
  A howler monkey (D:8)
  A centaur zombie (D:10)
  A hound (D:8)
  A worker ant (D:8)
  An orc (D:10)
7 creatures vanquished.

Grand Total: 331 creatures vanquished

Notes
Turn   | Place    | Note
--------------------------------------------------------------
     0 | D:1      | Stormphoenix the Octopode Monk began the quest for the Orb.
     0 | D:1      | Reached XP level 1. HP: 16/16 MP: 1/1
    91 | D:1      | Reached XP level 2. HP: 21/21 MP: 2/2
   322 | D:1      | Reached XP level 3. HP: 26/26 MP: 3/3
   567 | D:2      | Reached skill level 5 in Stealth
   939 | D:2      | Found a shadowy altar of Dithmenos.
   939 | D:2      | Found a bloodstained altar of Trog.
   949 | D:2      | Became a worshipper of Dithmenos the Shadowed
   949 | D:2      | Reached * piety under Dithmenos
   949 | D:2      | Reached ** piety under Dithmenos
  1172 | D:2      | Found a deep blue altar of Sif Muna.
  1501 | D:3      | Reached XP level 4. HP: 31/31 MP: 4/4
  1518 | D:3      | Reached XP level 5. HP: 35/36 MP: 5/5
  1975 | D:3      | Reached *** piety under Dithmenos
  2296 | D:4      | You fall through a shaft for 3 floors!
  2296 | D:7      | Noticed Joseph
  2328 | D:7      | Noticed an ogre
  2358 | D:7      | Reached XP level 6. HP: 31/42 MP: 6/6
  2435 | D:5      | Entered Level 5 of the Dungeon
  2548 | D:4      | Noticed Shenda's ghost (amateur DsAK)
  2549 | D:4      | Got a warped buckler
  2561 | D:4      | Identified the +3 buckler of Submission {MR+ Dex+3} (You found it on level 4 of the Dungeon)
  2643 | D:4      | Reached skill level 10 in Stealth
  2662 | D:4      | Killed Shenda's ghost
  2662 | D:4      | Reached skill level 5 in Unarmed Combat
  2662 | D:4      | Reached XP level 7. HP: 36/46 MP: 2/7
  3108 | D:5      | Found a radiant altar of Vehumet.
  3214 | D:5      | Found Jymam's Weapon Emporium.
  3230 | D:5      | Found a snail-covered altar of Cheibriados.
  3248 | D:5      | Reached skill level 6 in Unarmed Combat
  3283 | D:5      | Found a staircase to the Ecumenical Temple.
  3302 | D:5      | Found Sazxedu's Distillery.
  3310 | D:5      | Reached skill level 7 in Unarmed Combat
  3310 | D:5      | Reached XP level 8. HP: 23/52 MP: 3/8
  3479 | Temple   | Entered the Ecumenical Temple
  3493 | D:5      | Found Zekioc's Jewellery Shoppe.
  3496 | D:5      | Bought an uncursed ring of see invisible for 225 gold pieces
  3589 | D:5      | Reached **** piety under Dithmenos
  3902 | D:5      | Reached skill level 8 in Unarmed Combat
  3915 | D:5      | Found Usiqo's Jewellery Emporium.
  4315 | D:6      | Found an oddly glowing altar of Pakellas.
  4384 | D:6      | Found a burning altar of Makhleb.
  4402 | D:6      | Reached skill level 9 in Unarmed Combat
  4524 | D:6      | Reached XP level 9. HP: 21/56 MP: 4/9
  4528 | D:6      | HP: 2/56 [black bear (4)]
  4554 | D:6      | Noticed Menkaure
  4931 | D:6      | Killed Menkaure
  4931 | D:6      | Reached skill level 10 in Unarmed Combat
  5932 | D:7      | Reached skill level 11 in Unarmed Combat
  5967 | D:7      | Noticed Duvessa
  5975 | D:7      | Noticed Dowan
  5977 | D:7      | Killed Duvessa
  5990 | D:7      | Killed Dowan
  6038 | D:7      | Killed Joseph
  6375 | D:7      | Noticed Crazy Yiuf
  6379 | D:7      | Killed Crazy Yiuf
  6422 | D:7      | Reached skill level 12 in Unarmed Combat
  6533 | D:7      | Reached XP level 10. HP: 63/63 MP: 10/10
  6580 | D:7      | Found an iron altar of Okawaru.
  7024 | D:8      | Noticed Pikel
  7041 | D:8      | Killed Pikel
  7041 | D:8      | Reached skill level 13 in Unarmed Combat
  7229 | D:8      | Got an ebony whip
  7230 | D:8      | Identified the +7 whip "Mibutw Vugee" {slash, rElec rPois rC+ MR+} (You found it on level 8 of the Dungeon)
  7248 | D:8      | Found a staircase to the Lair.
  7286 | D:8      | Noticed Maurice
  7317 | D:8      | Killed Maurice
  7466 | D:8      | Noticed Grum
  7473 | D:8      | Killed Grum
  7473 | D:8      | Reached ***** piety under Dithmenos
  7933 | D:9      | Found Koghoyt's General Store.
  8011 | D:9      | Reached skill level 14 in Unarmed Combat
  8289 | D:9      | Gained mutation: You are partially covered in thin metallic scales. (AC +2) [potion of mutation]
  8289 | D:9      | Gained mutation: You possess an exceptional clarity of mind. [potion of mutation]
  8289 | D:9      | Gained mutation: Your spells are a little harder to cast, but a little more powerful. [potion of mutation]
  8406 | D:9      | HP: 1/63 [yak (8)]
  8808 | D:9      | Identified a +0 rod of ignition (9/9) (You found it on level 9 of the Dungeon)
  8978 | D:9      | Reached XP level 11. HP: 64/67 MP: 11/11
  9309 | D:10     | Entered Level 10 of the Dungeon
  9718 | D:10     | Reached skill level 15 in Unarmed Combat
 10490 | D:10     | Found a staircase to the Orcish Mines.
 11365 | D:10     | Mangled by an orc warrior

Vault maps used:
D:1:      dpeg_arrival_pond, dk_noncrumbling_4
D:2:      gammafunk_temple_overflow_pools, lemuel_crystal_altar,
          serial_park_tiny_1
D:3:      kennysheep_big_flooded_room, first_bread, goddamned_bats
D:5:      temple_fountains, basic_altar, serial_shops,
          nicolae_shop_behind_doors, nicolae_shop_crystal, shop, shop,
          vehumet_altar_wand_db
D:6:      grunt_pakellas_sulfur, bloody_makhleb, uniq_menkaure
D:7:      grunt_ogre_cave, okawaru_trees_1, uniq_duvessa,
          uniq_crazy_yiuf_cottage, uniq_joseph
D:8:      erik_lair_orcish_takeover, uniq_maurice, uniq_pikel, uniq_grum
D:9:      serial_shops, nicolae_shop_waterfront, serial_park_tiny_1
D:10:     erik_orc_1, nooodl_orcs_dogs
Temple:   nicolae_temple_no_exploring_needed

Skill      XL: |  1  2  3  4  5  6  7  8  9 10 11 |
---------------+----------------------------------+-----
Stealth        | 3 4 6 7 9 10 | 10.1
Unarmed Combat | 5 7 9 12 14 15 | 15.7
Fighting       | |  3.0
Dodging        | |  3.0

Action                   |  1- 3 |  4- 6 |  7- 9 | 10-12 || total
-------------------------+-------+-------+-------+-------++-------
Melee: Unarmed           |    94 |   119 |   257 |   392 ||   862
       Constrict         |    24 |    30 |    53 |    73 ||   180
       Tentacles         |    12 |    27 |    67 |    83 ||   189
       Punch             |     2 |     4 |    18 |    41 ||    65
  Use: Scroll            |     4 |     6 |     9 |     5 ||    24
       Potion            |     2 |     2 |     6 |     8 ||    18
 Stab: Sleeping          |    14 |    19 |    32 |    23 ||    88
       Distracted        |       |       |     1 |     3 ||     4
  Eat: Chunk             |     2 |     2 |     5 |     6 ||    15
       Fruit             |       |     2 |       |       ||     2
       Beef jerky        |       |       |     2 |     1 ||     3
       Meat ration       |       |       |     1 |       ||     1
       Royal jelly       |       |       |       |     1 ||     1
       Bread ration      |       |       |       |     1 ||     1
Armor: Skin              |     4 |    18 |     4 |    29 ||    55
Dodge: Dodged            |    57 |   146 |   116 |   245 ||   564
Block: Buckler           |       |     4 |    61 |   127 ||   192
